 Dungeon Crawl Stone Soup version 0.24.0-5-g267a8d59f4 (webtiles) character file.

Game seed: 9729077753598357802, levelgen mode: deterministic

362049 Monsterracer the Tortoise (level 21, -7/208 HPs)
             Began as a Deep Dwarf Fighter on Nov 1, 2019.
             Was the Champion of Makhleb.
             Mangled by an Orb Guardian (27 damage)
             ... on level 5 of the Realm of Zot.
             The game lasted 00:26:13 (25517 turns).

Monsterracer the Tortoise (Deep Dwarf Fighter)     Turns: 25517, Time: 00:26:13

Health: -7/208     AC: 39    Str: 25    XL:     21   Next: 16%
Magic:  2/11       EV:  5    Int: 10    God:    Makhleb [******]
Gold:   450        SH: 26    Dex: 12    Spells: 20/20 levels left

rFire    + + .     SeeInvis .   a - +9 broad axe (chop)
rCold    + . .     Gourm    .   T - +0 large shield
rNeg     + . .     Faith    .   p - +0 gold dragon scales
rPois    +         Spirit   .   b - +2 hat of Nanu {rPois}
rElec    .         Reflect  +   d - +1 cloak of Kuvo {rPois rCorr Str-4 Slay+3}
rCorr    +         Harm     .   I - +3 pair of gauntlets of War {Slay+5}
MR       +++..                  W - +2 pair of boots
Stlth    ..........             Z - +3 amulet of reflection
HPRegen  0.00/turn              F - ring of protection from fire
MPRegen  0.12/turn              q - +3 ring of protection

@: about to teleport, non-regenerating
A: damage resistance, heal wounds, negative energy resistance 1, sense
surroundings 3, no regeneration
0: Orb of Zot
}: 3/15 runes: serpentine, barnacled, silver
a: Heal Wounds, Minor Destruction, Lesser Servant of Makhleb, Major Destruction,
Greater Servant of Makhleb, Renounce Religion


You were on level 5 of the Realm of Zot.
You worshipped Makhleb.
Makhleb was exalted by your worship.
You were hungry.

You visited 9 branches of the dungeon, and saw 47 of its levels.
You visited 1 bazaar.
You also visited: Sewer, Ossuary, Gauntlet and Ice Cave.

You collected 3955 gold pieces.
You spent 3505 gold pieces at shops.

Inventory:

Hand Weapons
 a - a +9 broad axe of chopping (weapon)
   (You acquired it on level 3 of the Lair of Beasts)
Missiles
 J - 6 throwing nets (quivered) {!f}
Armour
 b - the +2 hat of Nanu (worn) {rPois}
   (You found it in a Gauntlet)

   It protects you from poison.
 d - the +1 cloak of Kuvo (worn) {rPois rCorr Str-4 Slay+3}
   (You acquired it on level 3 of the Vaults)

   It affects your strength (-4).
   It affects your accuracy and damage with ranged weapons and melee attacks
   (+3).
   It protects you from poison.
   It provides partial protection from all sources of acid and corrosion.
 p - +0 gold dragon scales (worn)
   (You found it on level 1 of the Realm of Zot)
 I - the +3 pair of gauntlets of War (worn) {Slay+5}
   (You bought it in a shop on level 5 of the Dungeon)

   It affects your accuracy and damage with ranged weapons and melee attacks
   (+5).
 T - a +0 large shield (worn)
   (You found it on level 12 of the Dungeon)
 W - a +2 pair of boots (worn)
   (You found it on level 11 of the Dungeon)
Jewellery
 q - a +3 ring of protection (right hand)
   (You found it in an ossuary)
 F - a ring of protection from fire (left hand)
   (You found it on level 3 of the Dungeon)
 S - an uncursed ring of see invisible
   (You found it on level 10 of the Dungeon)
 Z - a +3 amulet of reflection (around neck)
   (You bought it in a shop in a bazaar)
Wands
 y - a wand of scattershot (9)
   (You found it on level 6 of the Dungeon)
 A - a wand of iceblast (34)
   (You found it on level 5 of the Dungeon)
 K - a wand of clouds (4)
   (You found it in a Gauntlet)
 L - a wand of polymorph (22)
   (You found it on level 3 of the Lair of Beasts)
 O - a wand of digging (7)
   (You found it on level 3 of the Lair of Beasts)
 U - a wand of acid (27)
   (You found it on level 4 of the Lair of Beasts)
 Y - a wand of disintegration (8)
   (You found it on level 6 of the Dungeon)
Scrolls
 f - a scroll of identify
 r - 9 scrolls of remove curse
 s - a scroll of summoning {!r}
 t - 14 scrolls of teleportation {!r}
 G - 7 scrolls of fog
 M - 5 scrolls of fear {!r}
 Q - 3 scrolls of silence
 R - a scroll of holy word
 X - 7 scrolls of blinking
Potions
 e - 14 potions of curing
 g - 5 potions of agility
 h - 8 potions of haste
 i - 2 potions of magic
 j - 5 potions of might
 k - 11 potions of flight
 n - 5 potions of resistance
 u - 6 potions of ambrosia {!q}
 w - 8 potions of heal wounds
 x - 3 potions of cancellation
 z - 4 potions of brilliance
 C - 7 potions of mutation {!q}
 D - 3 potions of berserk rage {!q}
 H - a potion of invisibility
 N - 3 potions of lignification
Miscellaneous
 o - a fan of gales
   (You found it on level 9 of the Dungeon)
 B - a phantom mirror
 E - a lamp of fire
   (You found it on level 9 of the Dungeon)
 P - a phial of floods
   (You found it on level 6 of the Lair of Beasts)
Comestibles
 c - 40 rations


   Skills:
 * Level 17.3 Fighting
 - Level 18.0 Axes
 + Level 19.8 Armour
 + Level 19.8 Shields
 - Level 16.0 Invocations
 - Level 3.0 Evocations


You had 20 spell levels left.
You didn't know any spells.
Your spell library contained the following spells:

 Spells                   Type           Power        Failure   Level  Hunger
 Beastly Appendage        Tmut           #.....       100%        1    ##.....
 Flame Tongue             Conj/Fire      #....        100%        1    ##.....
 Infusion                 Chrm           #...         100%        1    ##.....
 Magic Dart               Conj           #...         100%        1    ##.....
 Shock                    Conj/Air       #...         100%        1    ##.....
 Blink                    Tloc           N/A          100%        2    ###....
 Call Imp                 Summ           #.......     100%        2    ###....
 Shroud of Golubria       Chrm/Tloc      #.....       100%        2    ###....
 Slow                     Hex            #.......     100%        2    ###....
 Song of Slaying          Chrm           #.......     100%        2    ###....
 Sticks to Snakes         Tmut           #.......     100%        2    ###....
 Sublimation of Blood     Necr           #.........   100%        2    ###....
 Conjure Flame            Conj/Fire      #.......     100%        3    ####...
 Dazzling Spray           Conj/Hex       #.....       100%        3    ####...
 Ignite Poison            Fire/Tmut/Pois #.......     100%        3    ####...
 Lesser Beckoning         Tloc           #.........   100%        3    ####...
 Mephitic Cloud           Conj/Pois/Air  #.......     100%        3    ####...
 Spectral Weapon          Hex/Chrm       #.......     100%        3    ####...
 Spider Form              Tmut/Pois      #.........   100%        3    ####...
 Force Lance              Conj/Tloc      #.......     100%        4    #####..
 Ice Form                 Ice/Tmut       #.......     100%        4    #####..
 Petrify                  Tmut/Erth      #.......     100%        4    #####..
 Agony                    Necr           #.......     100%        5    ######.
 Alistair's Intoxication  Tmut/Pois      #.......     100%        5    ######.
 Blade Hands              Tmut           #.........   100%        5    ######.
 Dispel Undead            Necr           #.......     100%        5    ######.
 Fireball                 Conj/Fire      #.........   100%        5    ######.
 Irradiate                Conj/Tmut      #.........   100%        5    ######.
 Iskenderun's Battlesphe  Conj/Chrm      #.......     100%        5    ######.
 Lightning Bolt           Conj/Air       #.........   100%        5    ######.
 Metabolic Englaciation   Hex/Ice        #.........   100%        5    ######.
 Silence                  Hex/Air        #.........   100%        5    ######.
 Venom Bolt               Conj/Pois      #.........   100%        5    ######.
 Bolt of Cold             Conj/Ice       #.........   100%        6    #######
 Bolt of Fire             Conj/Fire      #.........   100%        6    #######
 Conjure Ball Lightning   Conj/Air       #.........   100%        6    #######
 Freezing Cloud           Conj/Ice/Air   #.........   100%        6    #######
 Hydra Form               Tmut           #.........   100%        6    #######
 Ozocubu's Refrigeration  Ice            #.........   100%        6    #######
 Simulacrum               Ice/Necr       #.........   100%        6    #######
 Statue Form              Tmut/Erth      #........    100%        6    #######
 Dragon Form              Tmut           #.........   100%        7    #######
 Malign Gateway           Summ/Tloc      #.........   100%        7    #######
 Ring of Flames           Chrm/Fire      #.........   100%        7    #######
 Ignition                 Fire           #.........   100%        8    #######
 Regeneration             Chrm/Necr      Unusable     N/A         3    N/A

Dungeon Overview and Level Annotations

Branches:
Dungeon (15/15)            Temple (1/1) D:4            Lair (6/6) D:10
 Shoals (4/4) Lair:3        Snake (4/4) Lair:3        Slime (0/5) Lair:5
    Orc (2/2) D:11            Elf (0/3) Orc:2        Vaults (5/5) D:14
 Depths (5/5) D:15            Zot (5/5) Depths:5      Sewer (visited)
Ossuary (visited)           IceCv (visited)         Gauntlet (visited)
  Crypt: Vaults:2-3

Altars:
Ashenzari
Cheibriados
Dithmenos
Elyvilon
Gozag
Hepliaklqana
Kikubaaqudgha
Makhleb
Nemelex Xobeh
Okawaru
Qazlal
Ru
Sif Muna
Uskayaw
Wu Jian
Xom
Yredelemnul
Zin
The Shining One

Shops:
D:5 [   Orc:2 [[:   Depths:5 }

Portals:
Hell: Depths:2

Annotations:
D:4 3 runed translucent doors, wullow's ghost, amateur MfVM
Lair:2 exclusion: 3 oklob plants
Shoals:1 3 runed translucent doors, Jafont's ghost, journeyman HOFE
Snake:4 3 runed translucent doors, Icun's ghost, journeyman GnWr
Vaults:4 Margery; Mennas


Innate Abilities, Weirdness & Mutations

You are resistant to damage.
You can heal yourself by infusing magical energy.
You resist negative energy. (rN+)
You passively map a large area around you.
You do not regenerate.


Message History

The moth of wrath's fur bristles in rage as it notices you.
The moth of wrath goads the yellow draconian on!
The yellow draconian goes berserk!
The electric golem crackles and sizzles.
The electric golem completely misses you.
The electric golem hits you but does no damage.
You block the electric golem's attack. x2
You block the electric golem's attack. x3
The electric golem hits you but does no damage.
The yellow draconian hits you with a +0 glaive!
The electric golem crackles and sizzles.
You block the electric golem's attack. The electric golem hits you.
The electric golem shocks you!!
The electric golem hits you but does no damage. x2
The electric golem crackles and sizzles.
You block the electric golem's attack. x3
The electric golem hits you but does no damage.
The moth of wrath bites you but does no damage.
You see here the Orb of Zot.
You pick up the Orb of Zot!
The Orb lets out a hideous shriek!
The lords of Pandemonium are not amused.
Beware!
Now all you have to do is get back out of the dungeon!
The electric golem blinks!
The yellow draconian hits you but does no damage.
The electric golem blinks!
You block the moth of wrath's attack. x2
Really read
t - 15 scrolls of teleportation {!r}?
As you read the scroll of teleportation {!r}, it crumbles to dust.
You feel strangely unstable.
You feel the Orb delaying your translocation!
You block the yellow draconian's attack.
The moth of wrath bites you but does no damage.
You block the moth of wrath's attack.
The yellow draconian hits you but does no damage.
The electric golem blinks!
You block the moth of wrath's attack.
The electric golem blinks!
Really walk into that dispersal trap?
You enter a dispersal trap!
The moth of wrath blinks!
The Orb Guardian blinks!
The moth of wrath blinks!
The yellow draconian blinks! x2
The Orb Guardian blinks! x2; The Orb Guardian drops a net on you.
A large net falls onto you!
You become entangled in the net!
The electric golem blinks!
The Orb Guardian blinks!
The moth of wrath blinks! x2
The yellow draconian blinks!
You blink.
A large net falls onto you!
You become entangled in the net!
The moth of wrath goads the Orb Guardian on!
The Orb Guardian goes berserk!
The moth of wrath goads the Orb Guardian on!
The Orb Guardian goes berserk!
The yellow draconian hits you with a +0 glaive!
The Orb Guardian hits you!
You see here a throwing net {!f}.
You struggle against the net.
The Orb Guardian hits you!!
The Orb Guardian hits you but does no damage.
The electric golem blinks!
The yellow draconian completely misses you.
The Orb Guardian hits you!!
The moth of wrath goads the Orb Guardian on!
The Orb Guardian goes berserk!
You struggle against the net.
The Orb Guardian barely misses you. The Orb Guardian hits you!
The electric golem hits you but does no damage. x4
The Orb Guardian hits you!!!
* * * LOW HITPOINT WARNING * * *
The yellow draconian hits you with a +0 glaive!
* * * LOW HITPOINT WARNING * * *
The Killer Klown blinks!
The Orb Guardian hits you!!
* * * LOW HITPOINT WARNING * * *
The electric golem hits you but does no damage. x3
The electric golem hits you.
Okay, then.
Your blink will be uncontrolled - continue anyway?
The Orb prevents control of your translocation!
You blink.
As you read the scroll of blinking, it crumbles to dust.
The Orb Guardian hits you!
* * * LOW HITPOINT WARNING * * *
Unknown command.
You feel much better. You block the Orb Guardian's attack. x2
The electric golem hits you but does no damage.
You block the electric golem's attack.
The electric golem hits you but does no damage. x2
You block the Orb Guardian's attack.
The Orb Guardian hits you but does no damage.
The electric golem blinks!
The electric golem hits you but does no damage. x4
The Orb Guardian hits you but does no damage.
You block the Orb Guardian's attack.
You feel much better. You block the Orb Guardian's attack. x2
The Orb Guardian hits you!
* * * LOW HITPOINT WARNING * * *
The Orb Guardian hits you!!
* * * LOW HITPOINT WARNING * * *
The moth of wrath goads the Orb Guardian on!
The Orb Guardian goes berserk!
You block the electric golem's attack.
The electric golem hits you but does no damage.
You block the electric golem's attack. The electric golem hits you.
* * * LOW HITPOINT WARNING * * *
The Orb Guardian hits you!
* * * LOW HITPOINT WARNING * * *
The Orb Guardian hits you!!
You die...

▓ ********* ▓▓▓▓ ****,,,,,,,,
...▓▓▓ ***,,,,,,,,,,, .X...▓▓
**,,,,,,,,,,,,, §.§...▓ ▓▓▓▓▓▓▓▓▓
*,,,,,,,,,,,,,,
§.....▓▓▓.......▓▓*,,.,,,,,,,,,,,
......▓▓.....^.X.▓▓,.^,,,,,,,,,,,
§§....▓....X§8dX@.▓...,,,,,,,,,,,
.§...d.§..X...XX8.......,,,,,,,,,
.....q▓X......yy..▓.....,,,,,,,,,
§.○§^.▓▓.........▓▓,....,,,,,,,,,
.....d▓▓▓.....^.▓▓*,,...,,,,,,,,,
......# ▓▓▓▓▓▓▓▓▓ *,,,..,,,,,,,,,
...§.## **,,,.,,,,,,,,, ...▓##
***,,,,,,,,,,, ▓▓▓▓ ****,,,,,,,,


You could see 2 electric golems, a yellow draconian (berserk), 6 Orb Guardians
and 2 moths of wrath.

Vanquished Creatures
  A Killer Klown (Zot:5)
  A curse toe (Zot:4)
  A golden dragon (Zot:1)
  A bone dragon (Depths:5)
  Jorgrun (D:14)
  3 tentacled monstrosities (Vaults:5 Depths:5 Zot:3)
  Rupert (D:15)
  A lich (Depths:5)
  A titan (Vaults:5)
  2 quicksilver dragons (Zot:4 Zot:5)
  6 Orb Guardians (Zot:5)
  3 death cobs (Zot:1 Zot:2 Zot:3)
  A tengu reaver (Vaults:4)
  3 shadow dragons (Vaults:5 Depths:5 Zot:3)
  Agnes (D:15)
  6 storm dragons (Vaults:5 Depths:5 Zot:1 Zot:3 Zot:5)
  15 nagarajas (Snake:4)
  2 draconian monks (Depths:5 Zot:5)
  4 vault wardens (Vaults:1 Vaults:2)
  A ghost moth (Zot:5)
  6 frost giants (Vaults:4 Vaults:5 Depths:1 Depths:2 Depths:4)
  2 orc warlords (Orc:2)
  4 fire giants (Vaults:5 Vaults:4 Depths:1)
  A draconian scorcher (Depths:5)
  Louise (D:15)
  2 draconian shifters (Zot:4)
  2 draconian annihilators (Zot:1 Zot:4)
  8 draconian stormcallers (Zot:2 Zot:3 Zot:4)
  5 stone giants (Vaults:5 Vaults:4 Depths:1)
  4 ironheart preservers (Vaults:2 Vaults:4)
  An entropy weaver (Vaults:5)
  2 vampire knights (Depths:1 Depths:5)
  4 very ugly things (Vaults:4 Depths:5)
  A deep elf demonologist (Depths:5)
  3 black draconians (Depths:5 Zot:3 Zot:5)
  4 green draconians (Depths:5 Zot:4)
  A white draconian (Zot:1)
  3 red draconians (Depths:5 Zot:1 Zot:3)
  A minotaur (Gauntlet)
  7 yellow draconians (Depths:5 Zot:1 Zot:2 Zot:5)
  A dire elephant (D:15)
  3 purple draconians (Depths:5 Zot:5)
  3 ettins (Orc:2 Depths:1 Depths:5)
  A merfolk javelineer (Shoals:4)
  A deep elf death mage (Vaults:5)
  4 great orbs of eyes (Vaults:3 Depths:1 Depths:3 Depths:5)
  9 merfolk impalers (Shoals:1 Shoals:2 Shoals:4)
  3 fire dragons (Depths:1 Depths:4 Depths:5)
  2 jiangshi (Depths:2)
  3 yaktaur captains (Vaults:2 Vaults:3 Depths:5)
  20 vault guards (D:14 Vaults:2 Vaults:5 Vaults:4)
  Harold (D:7)
  A hydra (shapeshifter) (Depths:5)
  4 ice dragons (Vaults:3 Depths:1 Depths:5)
  A spriggan air mage (Depths:4)
  4 anacondas (Snake:3 Snake:4)
  4 centaur warriors (D:14 Vaults:2 D:15)
  9 hydras (Lair:1 Lair:2 Lair:3 Lair:6 D:11)
  26 naga warriors (Snake:3 Snake:4)
  An alligator snapping turtle (Shoals:4)
  5 catoblepae (Gauntlet Lair:5 Lair:6)
  2 large abominations (Vaults:5)
  A death knight (Vaults:2)
  7 merfolk aquamancers (Shoals:1 Shoals:4)
  17 two-headed ogres (D:7 D:8 D:11 D:12 Vaults:2)
  20 death yaks (D:9 Lair:3 Lair:4 Lair:6)
  2 vampire magi (Depths:1 Depths:2)
  4 deep troll earth magi (Depths:5)
  4 ogre magi (Vaults:2 Vaults:4 Vaults:5 Vaults:3)
  3 tengu warriors (Depths:1)
  A deep troll shaman (Depths:5)
  An orc high priest (Orc:2)
  3 shock serpents (Snake:1 Snake:4)
  2 spriggan berserkers (Depths:4 Depths:5)
  Nergalle (Lair:3)
  11 naga sharpshooters (Snake:1 Snake:4)
  A titan skeleton (Depths:1)
  Sonja (Lair:3)
  3 shadow wraiths (Vaults:2 Vaults:4)
  An iron troll (Depths:5)
  6 skeletal warriors (Vaults:2 D:15)
  A storm dragon skeleton (Depths:1)
  5 deep trolls (Vaults:4 Depths:5)
  An unseen horror (D:12)
  A glowing orange brain (Depths:5)
  A wizard (Vaults:2)
  8 sea snakes (Shoals:2 Shoals:3 Shoals:4)
  6 naga ritualists (Snake:1 Snake:4)
  A kraken simulacrum (Shoals:4)
  A flayed ghost (Depths:1)
  4 ironbrand convokers (Vaults:2 Vaults:4)
  4 phantasmal warriors (Vaults:2 Vaults:5)
  5 orc knights (D:14 Vaults:1 Vaults:2 Vaults:5 Vaults:3)
  4 harpies (Shoals:4)
  3 wolf spiders (Vaults:1 D:15)
  A salamander (shapeshifter) (Vaults:3)
  6 deep elf magi (D:14 Vaults:4 Vaults:3)
  3 cyclopes (Shoals:4 D:14 Vaults:2)
  6 orc sorcerers (Orc:1 Orc:2 D:14)
  4 mana vipers (Snake:3 Snake:4)
  2 fauns (Shoals:1)
  A necromancer (Depths:1)
  5 salamanders (Snake:3 Snake:4 D:15)
  13 ugly things (D:11 D:12 D:14 Vaults:2 Vaults:4)
  14 manticores (Lair:6 D:11 Shoals:1 Shoals:3 Shoals:4)
  2 moths of wrath (Zot:1 Zot:2)
  6 merfolk sirens (Shoals:1 Shoals:2 Shoals:4)
  23 black mambas (Lair:1 Lair:6 Snake:1 Snake:3 Snake:4)
  3 vault sentinels (Vaults:2 Vaults:4)
  4 elephants (Lair:4)
  5 guardian serpents (Snake:3 Snake:4)
  A black mamba (shapeshifter) (Vaults:3)
  A torpor snail (shapeshifter) (Vaults:5)
  19 naga magi (Snake:1 Snake:2 Snake:3 Snake:4)
  7 gargoyles (Gauntlet D:11 D:12 D:13 D:14)
  A rust devil (Gauntlet)
  2 water nymphs (Shoals:4)
  14 spiny frogs (Lair:1 Lair:2 Lair:3 Lair:4 Lair:6)
  A torpor snail (Lair:3)
  A kobold demonologist (D:13)
  23 yaktaurs (D:14 Vaults:1 Vaults:2 Depths:1 Depths:2)
  7 komodo dragons (Lair:1 Lair:2 Lair:3 Lair:5 Lair:6)
  5 spectral swamp worms (Depths:2)
  A freezing wraith (Vaults:4)
  2 ice devils (Lair:1)
  3 hornets (D:11 Depths:4)
  A troll (shapeshifter) (Vaults:4)
  9 merfolk (Shoals:3 Shoals:4)
  2 tengu conjurers (D:14 Depths:1)
  7 polar bears (Lair:4 Lair:6)
  2 wind drakes (Shoals:1 Shoals:4)
  A queen bee (D:11)
  Grinder (D:6)
  A queen bee (shapeshifter) (Depths:2)
  5 trolls (D:12 Orc:1 Orc:2 D:15)
  9 slime creatures (D:13 D:14 Depths:1)
  9 dream sheep (Lair:6 Shoals:4)
  17 hippogriffs (D:7 D:8 D:10 Lair:1 Lair:2)
  9 blink frogs (Lair:2 Lair:5 Lair:6)
  6 snapping turtles (Lair:3 Shoals:1 Shoals:4)
  An ice dragon zombie (Depths:1)
  A hornet (shapeshifter) (Vaults:5)
  2 meliai zombies (D:12 D:14)
  A dream sheep (shapeshifter) (Depths:5)
  A shadow (D:13)
  4 water elementals (Shoals:4)
  4 wraiths (Ossuary D:11 D:12 D:13)
  2 wyverns (Lair:6 D:13)
  10 spriggans (Lair:2 Depths:4)
  56 yaks (D:8 D:9 Lair:1 Lair:2 Lair:3)
  2 fire dragon skeletons (Depths:1)
  A basilisk (Lair:6)
  A vampire (D:14)
  A ynoxinul (Gauntlet)
  A human simulacrum (Vaults:3)
  5 hungry ghosts (D:8 D:9 D:11 D:12)
  A steam dragon (D:11)
  3 vampire mosquitoes (D:9 D:12)
  Menkaure (D:5)
  54 nagas (Lair:3 Snake:3 Snake:4)
  4 wargs (Orc:2 Vaults:1 Vaults:2 Vaults:3)
  Duvessa (D:4)
  10 porcupines (D:10 Lair:1 Lair:2 Lair:3 Lair:4)
  10 water moccasins (Lair:1 Lair:2 Lair:6)
  33 orc warriors (D:6 D:7 D:10 D:11 D:12)
  6 ice beasts (D:6 D:8 D:11 D:14)
  A black bear (D:8)
  17 ogres (D:4 D:5 D:7 D:12 Orc:2)
  5 sky beasts (D:5 D:8 D:10 D:11)
  2 phantoms (D:5 D:10)
  A necrophage (D:6)
  12 centaurs (D:7 D:10 D:11 D:12 Shoals:4)
  3 wolves (Lair:2)
  13 crocodiles (Lair:1 Lair:2 Lair:3 Lair:4 Lair:5)
  3 big kobolds (Sewer D:7 D:14)
  2 gnoll sergeants (D:11 D:12)
  19 bullfrogs (D:6 D:7 D:10 Lair:1 Lair:2)
  2 wyvern zombies (D:8 D:14)
  Dowan (D:4)
  29 killer bees (D:11)
  3 scorpions (D:9 D:10 D:14)
  6 howler monkeys (D:7 D:10 D:12)
  An electric eel (D:8)
  7 crimson imps (D:7 D:8 D:10 D:11 D:13)
  3 bullfrog zombies (D:6 D:8 D:12)
  A centaur zombie (D:6)
  11 hounds (D:4 D:5 D:7 D:8 D:11)
  A human zombie (Ossuary)
  A quasit (D:6)
  22 orc priests (D:5 D:8 Orc:1 Orc:2)
  8 jellies (D:6 D:8 D:10 D:12)
  30 orc wizards (D:3 D:6 D:7 D:8 D:10)
  A gnoll shaman (D:7)
  2 bullfrog skeletons (D:11 D:13)
  7 centaur skeletons (D:5 D:7 D:9 D:12 D:13)
  3 iron imps (Gauntlet)
  Jessica (D:3)
  Natasha (thrice) (D:3)
  2 hell rats (D:10)
  An iguana (D:9)
  17 worker ants (D:4 D:5 D:6 D:7 D:8)
  A howler monkey zombie (D:8)
  3 mummies (Ossuary)
  3 worker ant zombies (D:5 D:6 D:9)
  16 gnolls (D:7 D:11 D:12 Orc:2)
  6 adders (D:5 D:8 D:10)
  3 river rats (Sewer D:10)
  3 shadow imps (D:10 D:12)
  2 white imps (D:8)
  7 oozes (D:1 D:6 D:8)
  An adder zombie (D:7)
  An adder skeleton (D:7)
  2 worms (D:2 D:3)
  An adder simulacrum (D:8)
  6 leopard geckos (D:3 D:4 D:5 D:6 D:10)
  77 orcs (D:3 D:4 D:5 D:6 D:7)
  4 bats (D:2 D:3)
  5 giant cockroaches (D:1 D:2 D:4 D:6 D:8)
  7 goblins (D:1 D:2 D:3)
  4 hobgoblins (D:1 D:2)
  7 jackals (D:1 D:4 Sewer)
  5 kobolds (D:2 D:7 D:14)
  4 quokkas (D:2 D:3 D:4 D:10)
  3 ball pythons (D:2 D:3 D:6)
  2 frilled lizards (D:1)
  A giant cockroach zombie (D:5)
  A goblin zombie (Ossuary)
  3 hobgoblin zombies (Ossuary)
  A jackal zombie (D:5)
  3 kobold zombies (Ossuary)
  An orc zombie (Ossuary)
  A quokka simulacrum (D:8)
  6 rats (D:2 D:3 Sewer D:10)
  A crawling corpse (Vaults:5)
  4 fungi (Lair:2 Lair:3 Lair:6)
  A plant (Lair:6)
1277 creatures vanquished.

Vanquished Creatures (collateral kills)
  A titan (Vaults:5)
  A vault warden (Vaults:5)
  A stone giant (Vaults:5)
  A vault guard (Vaults:5)
  A hydra (Lair:2)
  2 death yaks (D:10 D:9)
  An ironbrand convoker (Vaults:5)
  A deep elf mage (Vaults:5)
  A porcupine (D:9)
  A river rat (D:9)
11 creatures vanquished.

Vanquished Creatures (others)
  A fire giant (Vaults:2)
  A deep troll shaman (Depths:2)
  A merfolk aquamancer (Shoals:4)
  A naga ritualist (Snake:4)
  A deep elf archer (Vaults:3)
  A yaktaur (Depths:2)
  An orc (D:5)
  A bush (Lair:4)
  6 fungi (Lair:2 Lair:4 Lair:6)
  12 plants (Lair:2 Lair:6 Shoals:2 Shoals:3 Shoals:4)
  4 tentacles (Shoals:4)
30 creatures vanquished.

Grand Total: 1318 creatures vanquished

Notes
Turn   | Place    | Note
-------+----------+-------------------------------------------
     0 | D:1      | Monsterracer the Deep Dwarf Fighter began the quest for the
                  | Orb.
     0 | D:1      | Reached XP level 1. HP: 20/20 MP: 1/1
   174 | D:1      | Reached XP level 2. HP: 24/27 MP: 2/2
   768 | D:2      | Noticed Natasha
   933 | D:2      | Reached XP level 3. HP: 24/33 MP: 3/3
  1285 | D:3      | HP: 16/34 [quokka (2)]
  1291 | D:3      | HP: 17/34 [Natasha (1)]
  1297 | D:3      | Killed Natasha
  1297 | D:3      | Reached XP level 4. HP: 19/42 MP: 3/3
  1302 | D:3      | Noticed Natasha
  1307 | D:3      | Killed Natasha
  1310 | D:3      | HP: 21/42 [orc wizard/puff of flame (7)]
  1343 | D:3      | Noticed Natasha
  1349 | D:3      | Killed Natasha
  1349 | D:3      | Reached XP level 5. HP: 36/49 MP: 4/4
  1583 | D:3      | Noticed Jessica
  1596 | D:3      | Killed Jessica
  1694 | D:3      | Found an ancient bone altar of Kikubaaqudgha.
  1697 | D:3      | Found a sacrificial altar of Ru.
  1700 | D:3      | Found a white marble altar of Elyvilon.
  1816 | D:4      | HP: 23/49 [hound (4)]
  1883 | D:4      | Noticed Dowan
  1884 | D:4      | Noticed Duvessa
  1895 | D:4      | HP: 20/49 [Duvessa/+0 short sword (5)]
  1907 | D:4      | HP: 21/49 [Duvessa/+0 short sword (5)]
  1909 | D:4      | Killed Dowan
  1909 | D:4      | Reached skill level 1 in Evocations
  1909 | D:4      | Reached XP level 6. HP: 24/56 MP: 3/3
  1910 | D:4      | HP: 6/56 [Duvessa/+0 short sword (9)]
  1915 | D:4      | HP: 11/56 [Duvessa/+0 short sword (13)]
  1923 | D:4      | Killed Duvessa
  2004 | D:4      | Found a staircase to the Ecumenical Temple.
  2020 | Temple   | Entered the Ecumenical Temple
  2026 | Temple   | Became a worshipper of Makhleb the Destroyer
  2100 | D:4      | Reached skill level 5 in Axes
  2249 | D:4      | Found a runed translucent gate.
  2249 | D:4      | Found a runed translucent gate.
  2249 | D:4      | Found a runed translucent gate.
  2249 | D:4      | Found a sand-covered staircase.
  2249 | D:4      | Noticed wullow's ghost (amateur MfVM)
  2262 | Ossuary  | Entered an ossuary
  2262 | Ossuary  | Noticed a wraith
  2262 | Ossuary  | Noticed a wraith
  2262 | Ossuary  | Noticed a wraith
  2457 | Ossuary  | Reached skill level 1 in Invocations
  2493 | Ossuary  | Noticed a wraith
  2504 | Ossuary  | HP: 38/85 [wraith (6)]
  2505 | Ossuary  | Killed a wraith
  2505 | Ossuary  | Reached XP level 7. HP: 42/63 MP: 5/5
  2735 | D:4      | Reached skill level 5 in Shields
  2841 | D:4      | Reached skill level 5 in Armour
  2950 | D:5      | Entered Level 5 of the Dungeon
  2977 | D:5      | HP: 31/64 [orc priest/divine providence (14)]
  3014 | D:5      | Reached XP level 8. HP: 61/73 MP: 7/7
  3171 | D:5      | Found Agales's Armour Shop.
  3203 | D:5      | Bought a cursed +0 cloak for 21 gold pieces
  3267 | D:5      | Noticed Menkaure
  3268 | D:5      | HP: 33/73 [??? (27)]
  3277 | D:5      | HP: 26/73 [??? (18)]
  3282 | D:5      | HP: 15/73 [??? (10)]
  3286 | D:5      | Killed Menkaure
  3359 | D:5      | Reached * piety under Makhleb
  3360 | D:5      | Found a glowing drain.
  3448 | Sewer    | Entered a sewer
  3544 | Sewer    | Found a white marble altar of Elyvilon.
  3918 | D:6      | Noticed Grinder
  3937 | D:6      | Killed Grinder
  3937 | D:6      | Reached skill level 5 in Fighting
  4077 | D:6      | HP: 35/74 [ice beast (5)]
  4079 | D:6      | Gained mutation: You passively map the area around you.
                  | [Deep Dwarf growth]
  4079 | D:6      | Reached XP level 9. HP: 43/81 MP: 8/8
  4100 | D:6      | HP: 37/81 [orc warrior/cursed -3 battleaxe (6)]
  4106 | D:6      | HP: 29/81 [orc warrior/cursed -3 battleaxe (8)]
  4206 | D:6      | Reached skill level 5 in Invocations
  4467 | D:7      | Reached ** piety under Makhleb
  4538 | D:7      | Noticed Harold
  4571 | D:7      | Killed Harold
  4708 | D:7      | HP: 39/82 [orc warrior/+0 dire flail (3)]
  4719 | D:7      | HP: 37/82 [something/magic dart (7)]
  4794 | D:7      | Reached XP level 10. HP: 75/91 MP: 10/10
  4798 | D:7      | Noticed a two-headed ogre
  4812 | D:7      | Killed a two-headed ogre
  4916 | D:7      | Got a dazzling scimitar
  5128 | D:8      | Reached *** piety under Makhleb
  5206 | D:8      | Noticed a two-headed ogre
  5214 | D:8      | Killed a two-headed ogre
  5214 | D:8      | Reached skill level 10 in Axes
  5446 | D:8      | Noticed a two-headed ogre
  5452 | D:8      | HP: 39/92 [two-headed ogre/+0 giant club (23)]
  5492 | D:8      | HP: 38/92 [two-headed ogre/+0 giant club (11)]
  5497 | D:8      | Killed a two-headed ogre
  5525 | D:8      | HP: 45/92 [electric eel/bolt of electricity (8)]
  5531 | D:8      | HP: 31/92 [electric eel/bolt of electricity (6)]
  5580 | D:8      | Found a shimmering blue altar of Sif Muna.
  5580 | D:8      | Found a hazy altar of Hepliaklqana.
  5581 | D:8      | Found a hide-covered altar of Uskayaw.
  5709 | D:8      | Noticed a two-headed ogre
  5745 | D:8      | HP: 45/92 [two-headed ogre/+0 giant club (16)]
  5753 | D:8      | Killed a two-headed ogre
  5753 | D:8      | Reached XP level 11. HP: 79/99 MP: 12/12
  6186 | D:9      | Reached **** piety under Makhleb
  6340 | D:9      | Got a dazzling hand crossbow
  6354 | D:9      | Identified the Disquisition on Nocuous Feathers
  6499 | D:10     | Entered Level 10 of the Dungeon
  6676 | D:10     | Noticed a death yak
  6693 | D:10     | Noticed a death yak
  6698 | D:10     | Noticed a death yak
  6707 | D:10     | HP: 44/100 [death yak (8)]
  6718 | D:10     | HP: 24/100 [death yak (8)]
  6755 | D:10     | HP: 48/100 [death yak (18)]
  6761 | D:10     | Killed a death yak
  6791 | D:9      | HP: 39/100 [death yak (9)]
  6800 | D:9      | HP: 48/100 [death yak (14)]
  6806 | D:9      | HP: 38/100 [death yak (9)]
  6811 | D:9      | HP: 25/100 [death yak (13)]
  6811 | D:9      | Killed a death yak
  6834 | D:9      | Killed a death yak
  6979 | D:10     | Found a staircase to the Lair.
  7617 | D:5      | Bought the +3 pair of gauntlets of War {Slay+5} for 665
                  | gold pieces
  7617 | D:5      | Found the +3 pair of gauntlets of War {Slay+5}
  7736 | Lair:1   | Entered Level 1 of the Lair of Beasts
  8175 | Lair:1   | Noticed a seven-headed hydra
  8185 | Lair:1   | Killed a seven-headed hydra
  8242 | Lair:1   | Found a frozen archway.
  8270 | IceCv    | Entered an ice cave
  8537 | Lair:2   | Noticed an oklob plant
  8537 | Lair:2   | Noticed an oklob plant
  8537 | Lair:2   | Noticed an oklob plant
  8542 | Lair:2   | Reached XP level 12. HP: 106/110 MP: 11/11
  8568 | Lair:2   | Found a gate leading to a gauntlet.
  8575 | Gauntlet | Entered a Gauntlet
  8575 | Gauntlet | Found a transporter.
  8575 | Gauntlet | Found a transporter.
  8575 | Gauntlet | Found a transporter.
  8576 | Gauntlet | Found a transporter.
  8580 | Gauntlet | Found a transporter.
  8580 | Gauntlet | Found a transporter.
  8588 | Gauntlet | Found a transporter.
  8588 | Gauntlet | Noticed a catoblepas
  8589 | Gauntlet | Found a transporter.
  8590 | Gauntlet | Found a transporter.
  8591 | Gauntlet | Found a transporter.
  8598 | Gauntlet | Noticed a reaper
  8599 | Gauntlet | Found a transporter.
  8600 | Gauntlet | Found a transporter.
  8782 | Gauntlet | Reached skill level 10 in Invocations
  8815 | Gauntlet | Identified the Tome of the Unholy Volcanoes
  8939 | Gauntlet | Killed a catoblepas
  8958 | Gauntlet | Got a brightly glowing hat
  8964 | Gauntlet | Identified the +2 hat of Nanu {rPois} (You found it in a
                  | Gauntlet)
  9038 | Gauntlet | Noticed a minotaur
  9054 | Gauntlet | HP: 80/165 [minotaur/+3 hand axe of distortion (7)]
  9056 | Gauntlet | Killed a minotaur
  9205 | Lair:2   | Noticed a four-headed hydra
  9210 | Lair:2   | Reached skill level 10 in Shields
  9228 | Lair:2   | Killed a nine-headed hydra
  9258 | Lair:2   | Reached skill level 10 in Armour
  9330 | Lair:2   | Noticed a five-headed hydra
  9337 | Lair:2   | Killed a six-headed hydra
  9420 | Lair:2   | Reached ***** piety under Makhleb
  9928 | Lair:3   | Noticed Sonja
  9930 | Lair:3   | Killed Sonja
  9931 | Lair:3   | Noticed Nergalle
  9949 | Lair:3   | Killed Nergalle
  9950 | Lair:3   | Noticed a four-headed hydra
  9953 | Lair:3   | Reached XP level 13. HP: 120/120 MP: 11/11
 10088 | Lair:3   | Found a staircase to the Snake Pit.
 10305 | Lair:3   | Identified a scroll of acquirement
 10356 | Lair:3   | Found a staircase to the Shoals.
 10889 | Lair:4   | HP: 56/121 [death yak (11)]
 11592 | Lair:5   | Reached skill level 15 in Axes
 11710 | Lair:5   | Found a staircase to the Slime Pits.
 12231 | Lair:6   | Entered Level 6 of the Lair of Beasts
 12255 | Lair:6   | Gained mutation: You resist negative energy. (rN+) [Deep
                  | Dwarf growth]
 12255 | Lair:6   | Reached XP level 14. HP: 94/130 MP: 13/13
 12521 | Lair:6   | Reached skill level 10 in Fighting
 12589 | Lair:6   | Reached ****** piety under Makhleb
 13558 | D:11     | Found a staircase to the Orcish Mines.
 15252 | Orc:1    | Entered Level 1 of the Orcish Mines
 15309 | Orc:1    | Reached XP level 15. HP: 129/140 MP: 14/14
 15536 | Orc:2    | Entered Level 2 of the Orcish Mines
 15858 | Orc:2    | Noticed an orc warlord
 15884 | Orc:2    | Killed an orc warlord
 15942 | Orc:2    | Noticed an orc warlord
 15968 | Orc:2    | Killed an orc warlord
 16013 | Orc:2    | Found Xumo Hyn's Armour Shop.
 16013 | Orc:2    | Found Suinus's Distillery.
 16013 | Orc:2    | Found Qexaj's Antique Armour Boutique.
 16028 | Orc:2    | Found Gaixtohy's Book Boutique.
 16037 | Orc:2    | Bought a potion of heal wounds for 90 gold pieces
 16037 | Orc:2    | Bought a potion of heal wounds for 90 gold pieces
 16037 | Orc:2    | Bought a potion of curing for 54 gold pieces
 16037 | Orc:2    | Bought a potion of curing for 54 gold pieces
 16037 | Orc:2    | Bought a potion of curing for 54 gold pieces
 16037 | Orc:2    | Bought a potion of haste for 180 gold pieces
 16037 | Orc:2    | Bought 2 potions of heal wounds for 180 gold pieces
 16037 | Orc:2    | Bought a potion of curing for 54 gold pieces
 16066 | Orc:2    | Found a staircase to the Elven Halls.
 16483 | Orc:2    | Bought a shiny chain mail for 187 gold pieces
 16701 | Snake:1  | Entered Level 1 of the Snake Pit
 17045 | Snake:3  | Found a basalt altar of Yredelemnul.
 17249 | Snake:4  | Entered Level 4 of the Snake Pit
 17321 | Snake:4  | Noticed a nagaraja
 17322 | Snake:4  | Noticed a nagaraja
 17328 | Snake:4  | Noticed a nagaraja
 17339 | Snake:4  | Killed a nagaraja
 17345 | Snake:4  | Killed a nagaraja
 17349 | Snake:4  | Killed a nagaraja
 17615 | Snake:4  | Reached XP level 16. HP: 146/151 MP: 16/16
 17638 | Snake:4  | Found a runed translucent gate.
 17639 | Snake:4  | Found a runed translucent gate.
 17639 | Snake:4  | Found a runed translucent gate.
 17641 | Snake:4  | Noticed Icun's ghost (journeyman GnWr)
 17928 | Snake:4  | Reached skill level 15 in Invocations
 18567 | Snake:4  | Reached XP level 17. HP: 119/162 MP: 18/18
 18853 | Snake:4  | Got a serpentine rune of Zot
 19062 | Shoals:1 | Entered Level 1 of the Shoals
 19153 | Shoals:1 | Got a dazzling hand axe
 19226 | Shoals:1 | Found a runed translucent gate.
 19226 | Shoals:1 | Found a runed translucent gate.
 19226 | Shoals:1 | Found a runed translucent gate.
 19279 | Shoals:1 | Noticed Jafont's ghost (journeyman HOFE)
 19539 | Shoals:4 | Entered Level 4 of the Shoals
 19612 | Shoals:4 | Reached skill level 15 in Shields
 19625 | Shoals:4 | Reached skill level 15 in Armour
 19715 | Shoals:4 | Identified the Tome of Attacks and the Mountains
 19872 | Shoals:4 | Identified Awupeeg's Further Steps in Witchcraft
 20082 | Shoals:4 | Got a barnacled rune of Zot
 20479 | D:13     | Found a sparkling altar of Nemelex Xobeh.
 20604 | D:13     | Identified Voedd's Volume of the Shifting Voyage
 20920 | D:14     | Noticed Jorgrun
 20944 | D:14     | Killed Jorgrun
 21204 | D:14     | Found a gate to the Vaults.
 21347 | D:14     | Gained mutation: You passively map a large area around you.
                  | [Deep Dwarf growth]
 21347 | D:14     | Reached XP level 18. HP: 174/174 MP: 19/19
 21416 | Vaults:1 | Entered Level 1 of the Vaults
 21717 | Vaults:2 | HP: 79/174 [phantasmal warrior[a death knight] (9)]
 21722 | Vaults:2 | HP: 59/174 [mirror damage (4)]
 21727 | Vaults:2 | HP: 42/174 [phantasmal warrior[a death knight] (22)]
 22182 | Vaults:4 | Noticed Mennas
 22201 | Vaults:4 | Noticed Margery
 22218 | Vaults:4 | HP: 78/176 [Mennas/+2 eudemon blade of holy wrath (18)]
 22298 | Vaults:5 | Entered Level 5 of the Vaults
 22298 | Vaults:5 | Noticed a tentacled monstrosity
 22317 | Vaults:5 | HP: 76/176 [frost giant/bolt of cold (50)]
 22322 | Vaults:5 | HP: 55/176 [shadow dragon/bolt of negative energy (17)]
 22361 | Vaults:5 | HP: 72/176 [frost giant/bolt of cold (17)]
 22363 | Vaults:5 | Killed a tentacled monstrosity
 22392 | Vaults:5 | HP: 69/177 [storm dragon/bolt of lightning (28)]
 22397 | Vaults:5 | HP: 58/177 [storm dragon (8)]
 22405 | Vaults:5 | HP: 88/177 [entropy weaver (1)]
 22414 | Vaults:5 | HP: 73/177 [small abomination[a deep elf death mage] (8)]
 22427 | Vaults:5 | HP: 54/177 [ghostly deep elf death mage/+0 short sword (4)]
 22436 | Vaults:5 | Reached XP level 19. HP: 121/184 MP: 18/18
 22487 | Vaults:5 | Reached skill level 15 in Fighting
 22581 | Vaults:5 | Got a silver rune of Zot
 22817 | Vaults:3 | Found a flickering gateway to a bazaar.
 22838 | Bazaar   | Entered a bazaar
 22838 | Bazaar   | Found Taciycirch's Assorted Antiques.
 22838 | Bazaar   | Found Kocs's Antique Armour Shoppe.
 22838 | Bazaar   | Found Rocwo's Armour Shop.
 22838 | Bazaar   | Found Turuashi's Jewellery Shoppe.
 22840 | Bazaar   | Found Anwicam's Magic Scroll Shop.
 22840 | Bazaar   | Found Toynoyc's Magic Scroll Emporium.
 22842 | Bazaar   | Bought a scroll of fog for 66 gold pieces
 22842 | Bazaar   | Bought a scroll of magic mapping for 115 gold pieces
 22842 | Bazaar   | Bought a scroll of teleportation for 99 gold pieces
 22842 | Bazaar   | Bought a scroll of teleportation for 99 gold pieces
 22848 | Bazaar   | Bought a scroll of silence for 67 gold pieces
 22848 | Bazaar   | Bought a scroll of enchant weapon for 67 gold pieces
 22848 | Bazaar   | Bought a scroll of teleportation for 27 gold pieces
 22848 | Bazaar   | Bought a scroll of acquirement for 468 gold pieces
 22848 | Bazaar   | Bought a scroll of fog for 18 gold pieces
 22848 | Bazaar   | Bought a scroll of fear for 31 gold pieces
 22848 | Bazaar   | Bought a scroll of teleportation for 27 gold pieces
 22848 | Bazaar   | Bought a scroll of teleportation for 27 gold pieces
 22853 | Bazaar   | Bought 3 scrolls of teleportation for 126 gold pieces
 22853 | Bazaar   | Bought a scroll of blinking for 105 gold pieces
 22853 | Bazaar   | Bought a scroll of silence for 105 gold pieces
 22853 | Bazaar   | Bought a scroll of fog for 28 gold pieces
 22853 | Bazaar   | Bought a scroll of fear for 49 gold pieces
 22853 | Bazaar   | Bought a scroll of summoning for 133 gold pieces
 22856 | Bazaar   | Bought a +3 amulet of reflection for 219 gold pieces
 22876 | Vaults:3 | Got a scorched cloak
 22887 | Vaults:3 | Identified the +1 cloak of Kuvo {rPois rCorr Str-4 Slay+3}
                  | (You acquired it on level 3 of the Vaults)
 23175 | D:15     | Entered Level 15 of the Dungeon
 23175 | D:15     | Noticed Rupert
 23182 | D:15     | Killed Rupert
 23243 | D:15     | Noticed Louise
 23253 | D:15     | Killed Louise
 23411 | D:15     | Noticed Agnes
 23425 | D:15     | Killed Agnes
 23461 | D:15     | Found a staircase to the Depths.
 23498 | Depths:1 | Entered Level 1 of the Depths
 23539 | Depths:1 | HP: 89/186 [frost giant/bolt of cold (30)]
 23650 | Depths:2 | Found a huge runed gate.
 23650 | Depths:2 | Found a huge runed gate.
 23650 | Depths:2 | Found a huge runed gate.
 23650 | Depths:2 | Found a huge runed gate.
 23650 | Depths:2 | Found a huge runed gate.
 23650 | Depths:2 | Found a huge runed gate.
 23650 | Depths:2 | Found a huge runed gate.
 23650 | Depths:2 | Found a huge runed gate.
 23650 | Depths:2 | Found a huge runed gate.
 23650 | Depths:2 | Found a huge runed gate.
 23650 | Depths:2 | Found a huge runed gate.
 23650 | Depths:2 | Found a huge runed gate.
 23650 | Depths:2 | Found a huge runed gate.
 23650 | Depths:2 | Found a huge runed gate.
 23650 | Depths:2 | Found a huge runed gate.
 23650 | Depths:2 | Found a huge runed gate.
 23650 | Depths:2 | Found a huge runed gate.
 23650 | Depths:2 | Found a huge runed gate.
 23650 | Depths:2 | Found a huge runed gate.
 23650 | Depths:2 | Found a huge runed gate.
 23664 | Depths:2 | Noticed a golden dragon
 23668 | Depths:2 | Noticed a juggernaut
 23671 | Depths:2 | HP: 78/188 [juggernaut (45)]
 23750 | Depths:2 | Found a gateway to Hell.
 23962 | Depths:5 | Entered Level 5 of the Depths
 24011 | Depths:5 | Found Omothiu's Gadget Boutique.
 24024 | Depths:5 | Reached XP level 20. HP: 185/196 MP: 19/19
 24207 | Depths:5 | Noticed a bone dragon
 24227 | Depths:5 | Killed a bone dragon
 24228 | Depths:5 | Found a gate to the Realm of Zot.
 24237 | Zot:1    | Entered Level 1 of the Realm of Zot
 24329 | Zot:1    | Noticed a golden dragon
 24359 | Zot:1    | HP: 135/298 [golden dragon (32)]
 24361 | Zot:1    | Killed a golden dragon
 24617 | Zot:3    | HP: 95/199 [death cob (11)]
 24924 | Zot:4    | Noticed a curse toe
 24941 | Zot:4    | HP: 99/200 [red draconian stormcaller/divine providence
                  | (10)]
 24947 | Zot:4    | HP: 58/200 [??? (43)]
 24953 | Zot:4    | Killed a curse toe
 24965 | Zot:5    | Entered Level 5 of the Realm of Zot
 24965 | Zot:5    | Noticed a Killer Klown
 24978 | Zot:5    | Killed a Killer Klown
 25149 | Zot:5    | Reached XP level 21. HP: 177/208 MP: 0/13
 25306 | Zot:5    | HP: 88/208 [storm dragon/bolt of lightning (28)]
 25497 | Zot:5    | Noticed a Killer Klown
 25508 | Zot:5    | Got the Orb of Zot
 25513 | Zot:5    | HP: 102/208 [Orb Guardian (11)]
 25514 | Zot:5    | HP: 45/208 [yellow draconian/+0 glaive (8)]
 25514 | Zot:5    | HP: 22/208 [Orb Guardian (23)]
 25517 | Zot:5    | Mangled by an Orb Guardian

Levels and vault maps discovered:
D:1:      onia_arrival_pentagram, layout_basic, serial_rivers,
          chequers_serial_rivers_small_b, chequers_serial_rivers_large_a,
          chequers_serial_rivers_room_a, chequers_serial_rivers_room_b,
          chequers_serial_rivers_micro_e, chequers_serial_rivers_room_b
D:2:      layout_loops_cross, uniq_natasha
D:3:      layout_basic, grunt_temple_overflow_diamond, uniq_jessica
D:4:      layout_loops_ring, minmay_temple_entry_wispy,
          gammafunk_ghost_nasty_kobolds, enter_ossuary_3, uniq_duvessa
D:5:      layout_basic, portal_sewer_entry_d, serial_shops, shop, first_ration,
          serial_bayou_pond_c, uniq_menkaure
D:6:      layout_cave_pools, uniq_grinder
D:7:      layout_rooms, uniq_harold
D:8:      black_bear_nest_1, layout_loops_ring,
          gammafunk_temple_overflow_forgotten, serial_ice, serial_ice_i,
          serial_ice_b, serial_ice_d, serial_ice_g,
          hangedman_little_slice_of_home
D:9:      layout_rooms, kennysheep_generic_room_8
D:10:     layout_cave_pods, dpeg_lair_monsters
D:11:     layout_layer_cave, orc_0_dummy, special_room [special_room_bee],
          kennysheep_small_circle
D:12:     layout_rooms
D:13:     layout_cave_pools, serial_column_ruins, column_ruins_hut_ruined,
          column_ruins_temple_circle, column_ruins_corridor_dead_end,
          column_ruins_corridor_straight, column_ruins_open_tiny,
          column_ruins_open_large, column_ruins_open_large
D:14:     minmay_expanding_circles, layout_irregular_city,
          grunt_vaults_entry_fortified, eino_curves_03, grunt_decor_resistance,
          uniq_jorgrun
D:15:     hangedman_depths_entry_try_elsewhere_first, layout_small_grid,
          serial_bayou_ford_a, serial_shops, nicolae_shop_behind_doors,
          feat_on_display, uniq_louise, uniq_rupert, uniq_agnes
Temple:   nicolae_temple_x_marks_the_god
Lair:1:   layout_regular_city, portal_ice_cave_demonic_guard,
          grunt_megastairs_3, serial_bayou_shore_b
Lair:2:   kb_forest_paths, layout_concentric_octagons, gauntlet_entry_generic,
          minmay_lair_oklob_chamber
Lair:3:   layout_misc_corridors, minmay_shoals_entry_hut,
          minmay_snake_entry_guardpost_medium, uniq_sonja, uniq_nergalle
Lair:4:   layout_cave_pods, beast_lair_carwin_7, grunt_megastairs_5
Lair:5:   layout_hall_layers, slime_dummy
Lair:6:   evilmike_catoblepas_cave, layout_regular_city, minivault_24
Shoals:1: layout_shoals, gammafunk_ghost_split, nicolae_shoals_square_sea_wall,
          nicolae_shoals_aquamancer_cove, uniq_roxanne
Shoals:2: layout_shoals
Shoals:3: layout_shoals
Shoals:4: shoals_end_grunt_ice, layout_shoals
Snake:1:  layout_rooms
Snake:2:  layout_gridlike, serial_bayou_pond_b, minmay_shop_grove,
          uniq_saint_roka
Snake:3:  layout_cave_town, hangedman_feature_mirror,
          hangedman_snake_sidewinding
Snake:4:  grunt_snake_rune_spirals, layout_onion, gammafunk_ghost_necromancy
Orc:1:    layout_caves
Orc:2:    st_orc_mages, layout_diamond_mine
Vaults:1: v_misc_9, vaults_standard_mumra_lines, v_misc_13, st_greater_box_1,
          nicolae_vaults_angled_halls, v_misc_27, v_misc_26,
          nicolae_vaults_windows_and_doors_thing, ontoclasm_vaults_twist,
          grunt_vaults_twisty, ontoclasm_vaults_fault,
          ontoclasm_vaults_shuriken, layout_vaults_omnicross
Vaults:2: grunt_vaults_hallway_long, vaults_mumra_chevron_long, v_misc_11,
          v_rooms_5, nicolae_vaults_know_your_exits,
          nicolae_vaults_mini_display_case, minmay_crypt_entry_necro_gods,
          layout_vaults_omnigrid, uniq_bai_suzhen
Vaults:3: hangedman_vaults_cutoff, v_misc_30, v_misc_33,
          nicolae_vaults_yaktaur_gun_rack, v_misc_27, hangedman_vaults_corner,
          nicolae_vaults_shelves_hall, v_misc_8, nicolae_vaults_octagons,
          ontoclasm_vaults_decontamination, vaults_dpeg_encased_lava,
          vaults_room_pool, layout_vaults_maze_bifur, serial_shops,
          bzr_entry_gold
Vaults:4: grunt_vaults_hallway_short, nicolae_vaults_network_quincunx
          [nicolae_vaults_network_quincunx_subvault,
          nicolae_vaults_network_quincunx_subvault,
          nicolae_vaults_network_quincunx_subvault,
          nicolae_vaults_network_quincunx_subvault,
          nicolae_vaults_network_quincunx_subvault], vaults_room_grid,
          v_pattern_2, nicolae_vaults_network_quinsquares
          [nicolae_vaults_network_quincunx_subvault,
          nicolae_vaults_network_quincunx_subvault,
          nicolae_vaults_network_quincunx_subvault,
          nicolae_vaults_network_quincunx_subvault], layout_vaults_chaotic_city,
          uniq_margery, uniq_mennas, uniq_frederick
Vaults:5
Depths:1: kennysheep_gozag_temple, layout_gridlike, hell_entry,
          rand_demon_pan_entry_1, abyss_entry_crystal, serial_bayou_pond_a,
          st_stairs_6, eino_small_chamber_without_monster
Depths:2: hangedman_elemental_death_ray, layout_gridlike,
          minmay_room_of_horrors, serial_curves, eino_curves_02, eino_curves_01,
          minmay_misc_feat_iff, pf_hell_entry_tar_river, pan_entry, drop_trap,
          reverse_door_vault
Depths:3: minmay_octo_star, layout_basic, grunt_pan_entry_spiral,
          grunt_hell_entry_dis_mu, minmay_staircase_statues
Depths:4: box_level_dp, abyss_entry, pan_entry, hell_entry
Depths:5: grunt_zot_entry_gee_three, layout_cave_pools, enter_ziggurat_f,
          serial_shops, nicolae_shop_trees, rand_demon_pan_entry_4, nrook_uturn,
          hell_entry, evilmike_ruin_ashenzari
Zot:1:    kennysheep_ambush_hall, layout_cathedral_of_symmetry,
          lemuel_lake_of_fire
Zot:2:    layout_onion_interference, nicolae_lava_and_water
Zot:3:    lemuel_draconian_sentries, layout_gridlike, st_stairs_3
Zot:4:    layout_basic, st_large_dragon_hoard_1
Zot:5:    layout_cathedral_of_symmetry, hangedman_zot_diagonal_lockstep

Skill      XL: |  1  2  3  4  5  6  7  8  9 10 11 12 13 14 15 16 17 18 19 20 |
---------------+-------------------------------------------------------------+-----
Axes           | 3 4 5 6 7 9 11 12 13 15 16 17 18 | 18.0
Fighting       | 3 4 5 6 7 8 9 10 11 12 13 14 16 17 | 17.3
Armour         | 4 5 6 7 8 9 10 11 12 13 14 15 17 18 19 | 19.8
Shields        | 4 5 6 7 8 9 10 11 12 13 14 15 17 18 19 | 19.8
Evocations     | 1 2 3 |  3.0
Invocations    | 1 2 4 6 8 9 11 12 13 14 16 | 16.0

Action                   |  1- 3 |  4- 6 |  7- 9 | 10-12 | 13-15 | 16-18 | 19-21 || total
-------------------------+-------+-------+-------+-------+-------+-------+-------++-------
Melee: War axe           |    99 |   154 |   457 |   827 |    64 |       |       ||  1601
       Broad axe         |       |       |       |       |   909 |  1355 |   858 ||  3122
Invok: Minor Destruction |       |       |       |     7 |       |       |       ||     7
       Lesser Servant of |       |       |       |     5 |       |       |       ||     5
       Greater Servant o |       |       |       |       |       |     1 |     1 ||     2
 Abil: Heal Wounds       |     1 |     7 |    11 |    24 |     1 |    14 |    23 ||    81
       Evoke Berserk Rag |       |     1 |       |     4 |       |     1 |       ||     6
Evoke: Lamp of fire      |       |       |       |     1 |       |       |       ||     1
       Wand              |       |       |       |     3 |     2 |       |     6 ||    11
  Use: Scroll            |       |     4 |     7 |     6 |    20 |     9 |    11 ||    57
       Potion            |       |       |       |       |       |       |     4 ||     4
 Stab: Distracted        |       |       |       |       |       |     1 |       ||     1
  Eat: Chunk             |     1 |     4 |     6 |    13 |    24 |    12 |     3 ||    63
       Ration            |       |       |     1 |     6 |     1 |     2 |     2 ||    12
Armor: Scale mail        |    51 |    54 |   114 |       |       |       |       ||   219
       Plate armour      |       |       |   119 |   529 |   405 |       |       ||  1053
       Chain mail        |       |       |       |       |   145 |   564 |   286 ||   995
       Gold dragon scale |       |       |       |       |       |       |   153 ||   153
Dodge: Dodged            |    37 |    41 |   111 |   195 |   191 |   164 |   113 ||   852
Block: Shield            |    64 |    80 |   255 |   528 |   375 |       |       ||  1302
       Large shield      |       |       |       |       |   440 |  1217 |   889 ||  2546
       Reflection        |       |       |       |       |       |       |    37 ||    37
